 Dungeon Crawl Stone Soup version 0.30.0 (webtiles) character file.

Game seed: 765263644092824235

349 malesh the Vexing (level 6, -6/44 HPs)
             Began as a Barachi Hexslinger on May 10, 2023.
             Mangled by Duvessa
             ... wielding a +3 short sword of speed
              (11 damage)
             ... on level 4 of the Dungeon.
             The game lasted 00:20:30 (2980 turns).

malesh the Vexing (Barachi Hexslinger)              Turns: 2980, Time: 00:20:30

Health: -6/44      AC:  4    Str: 14    XL:     6   Next: 60%
Magic:  11/19      EV: 13    Int: 14    God:
Gold:   1044       SH:  0    Dex: 14    Spells: 4/11 levels left

rFire   + + .        a - +2 sling (flame)
rCold   . . .        (no shield)
rNeg    . . .        c - +0 robe
rPois   .            m - +0 helmet
rElec   .            e - scarf {rC+ rF+}
rCorr   .            (no gloves)
SInv    .            p - +0 pair of boots
Will    .....        (no amulet)
Stlth   +            y - ring of Cacroin {MP+9 Str+3}
HPRegen 0.27/turn    t - ring of fire
MPRegen 0.16/turn

%: no passive effects
@: slow
A: amphibious, slowness 1, strong legs 1, +LOS
a: Hop


You were on level 4 of the Dungeon.
You visited 1 branch of the dungeon, and saw 4 of its levels.

You collected 1044 gold pieces.

Inventory:

Hand Weapons
 a - a +2 sling of flaming (weapon)
 i - a +1 sling
 v - a +1 dagger of freezing
Armour
 c - a +0 robe (worn)
 e - a scarf of resistance (worn)
 j - a +0 cloak
 m - a +0 helmet (worn)
 p - a +0 pair of boots (worn)
 x - a +0 buckler
Jewellery
 t - a ring of fire (right hand)
 y - the ring of Cacroin (left hand) {MP+9 Str+3}
   (You acquired it on level 3 of the Dungeon)

   [ring of magical power]

   Str:       It affects your strength (+3).
   MP:        It affects your magic capacity (+9).
Scrolls
 b - a scroll of poison
 k - a scroll of teleportation
 l - a scroll of brand weapon {unknown}
 o - a scroll of silence {unknown}
 s - a scroll of noise {unknown}
 u - a scroll of fear
Potions
 d - 2 potions of attraction
 g - a potion of mutation {unknown}
 h - 2 potions of curing
 n - 2 potions of flight
 r - a potion of might {unknown}
 w - a potion of heal wounds {unknown}


   Skills:
 + Level 2.3 Fighting
 + Level 4.3 Ranged Weapons
 + Level 3.1 Dodging
 + Level 3.0 Spellcasting
 + Level 4.5 Hexes
 + Level 1.5 Fire Magic


You had 4 spell levels left.
You knew the following spells:

 Your Spells              Type           Power      Damage    Failure   Level
a - Slow                  Hex            56%        N/A       3%          1
b - Inner Flame           Hex/Fire       15%        N/A       19%         3
c - Portal Projectile     Hex/Tloc       16%        N/A       26%         3

Your spell library contained the following spells:

 Spells                   Type           Power      Damage    Failure   Level
 Cause Fear               Hex            7%         N/A       32%         4


Dungeon Overview and Level Annotations

Branches:
Dungeon (4/15)
 Temple: D:4-7

Altars:
Ashenzari
The Shining One

Annotations:
D:4 Duvessa


Innate Abilities, Weirdness & Mutations

You are amphibious.
You cover ground slowly.
You can hop short distances.
You have an extended range of vision and can be seen from far away.


Message History

Aiming: Inner Flame (dangerous; 19% risk of failure)
Press: ? - help, Dir - move target, f - Duvessa
Aim: Duvessa, wielding a +3 short sword of speed and wearing a +0 ring mail (berserk, chance to affect: 51%)
You feel a surge of power!
Duvessa resists with significant effort.
Casting: Inner Flame (dangerous; 19% risk of failure)
Confirm with . or Enter, or press ? or * to list all spells.
Aiming: Inner Flame (dangerous; 19% risk of failure)
Press: ? - help, Dir - move target, f/p - Duvessa
Aim: Duvessa, wielding a +3 short sword of speed and wearing a +0 ring mail (berserk, chance to affect: 51%)
You feel a surge of power!
Duvessa is filled with an inner flame.
You shoot a sling bullet. The sling bullet hits Duvessa.
Flame seeps out of Duvessa.
The sling bullet burns Duvessa.
Flame seeps out of Duvessa.
Duvessa is lightly wounded.
Duvessa is engulfed in blazing flames.
Flame seeps out of Duvessa.
Duvessa rages.
You shoot a sling bullet.
The sling bullet closely misses Duvessa.
Duvessa hits you with a +3 short sword of speed! x2
You are too injured to fight recklessly!
Fire: a) +2 sling (flame)
Press: ? - help, Q - select action, (/) - cycle Shift-Dir - straight line, f/p - Duvessa
Aim: Duvessa, wielding a +3 short sword of speed and wearing a +0 ring mail (lightly wounded, berserk, inner flame, 69% to hit)
You shoot a sling bullet.
The sling bullet closely misses Duvessa.
Duvessa closely misses you. Duvessa barely misses you.
Duvessa hits you with a +3 short sword of speed!
* * * LOW HITPOINT WARNING * * *
Okay, then.
Okay, then.
Unknown command.
Okay, then.
Okay, then.
You can't see any enemies this would affect, really read the scroll of fear?
Okay, then.
As you read the scroll of summoning, it crumbles to dust.
Wisps of shadow whirl around you...
Duvessa hits you with a +3 short sword of speed!
You die...

....#e........#
##.....##......#
##....#..?.)....#
#....###. ......
........ .......
..[....##........
..#)..K... .....
.. #e..# ....
#@.# #.)## ...gS
......§)
...#..##☼§§ ...
#.. ...# ## #..
#... ... #... ...
....


You could see Duvessa (berserk, inner flame, ally target), a friendly hobgoblin
(summoned), a friendly ball python (summoned) and a friendly kobold (summoned).

Vanquished Creatures
  Blork the orc (D:4)
  Dowan (D:4)
  A hound (D:3)
  An iguana (D:3)
  Ijyb (D:4)
  Robin (D:3)
  3 gnolls
  4 adders
  3 orcs
  8 endoplasms
  2 giant cockroaches (D:2)
  16 goblins
  6 hobgoblins
  5 quokkas
  7 ball pythons
  6 bats
  4 frilled lizards (D:1)
  5 kobolds
  3 rats (D:3)
78 creatures vanquished.

Notes
Turn   | Place    | Note
-------+----------+-------------------------------------------
     0 | D:1      | malesh the Barachi Hexslinger began the quest for the Orb.
     0 | D:1      | Reached XP level 1. HP: 15/15 MP: 2/2
    70 | D:1      | Reached XP level 2. HP: 21/21 MP: 3/3
   522 | D:2      | Reached XP level 3. HP: 20/26 MP: 1/5
   571 | D:2      | Found a broken altar of Ashenzari.
   935 | D:2      | Learned a level 3 spell: Inner Flame
  1544 | D:3      | Reached XP level 4. HP: 31/32 MP: 4/6
  1616 | D:3      | Noticed Robin
  1734 | D:3      | Found a glowing golden altar of the Shining One.
  1751 | D:3      | Killed Robin
  1927 | D:3      | Found a faded altar of an unknown god.
  1999 | D:3      | Reached skill level 1 in Fire Magic
  1999 | D:3      | Reached XP level 5. HP: 30/38 MP: 7/7
  2061 | D:3      | Learned a level 3 spell: Portal Projectile
  2070 | D:3      | Found a faded altar of an unknown god.
  2453 | D:4      | Noticed Blork the orc
  2456 | D:3      | Identified 3 scrolls of acquirement
  2456 | D:3      | Acquired 913 gold pieces
  2459 | D:3      | Acquired the ring of Cacroin {MP+9 Str+3}
  2462 | D:3      | Acquired a scarf of resistance
  2505 | D:4      | Killed Blork the orc
  2517 | D:3      | Reached XP level 6. HP: 25/44 MP: 9/9
  2821 | D:4      | Noticed Duvessa
  2824 | D:4      | Noticed Dowan
  2824 | D:4      | Noticed Ijyb
  2880 | D:4      | Killed Dowan
  2974 | D:4      | Killed Ijyb
  2980 | D:4      | Mangled by Duvessa

Illustrated notes

Levels and vault maps discovered:
D:1:      lemuel_arrival_cross, layout_rooms, minivault_23, nrook_mini_backslash
D:2:      layout_loops_corners, basic_altar
D:3:      minmay_inner_zag, layout_basic, nicolae_overflow_ecumenical_swirl,
          lemuel_crystal_altar, hellmonk_ecumenical_altar_pennies_from_heaven,
          uniq_robin
D:4:      layout_cave_pools, minmay_temple_entry_purple_smoke,
          due_unseen_surprise, uniq_ijyb, uniq_grinder, uniq_eustachio,
          uniq_blork_the_orc, uniq_natasha, uniq_duvessa

Skill      XL: |  1  2  3  4  5  6 |
---------------+-------------------+-----
Ranged Weapons | 3 4 |  4.3
Hexes          | 4 |  4.5
Fire Magic     | 1 |  1.5
Spellcasting   | 2 3 |  3.0
Fighting       | 2 |  2.3
Dodging        | 3 |  3.1

Action                     |  1- 3 |  4- 6 || total
---------------------------+-------+-------++-------
   Fire: Sling             |   118 |    97 ||   215
   Cast: Slow              |    15 |    23 ||    38
         Inner Flame       |       |     6 ||     6
    Use: Scroll            |       |    10 ||    10
 Armour: Robe              |     6 |    15 ||    21
  Dodge: Dodged            |    26 |    31 ||    57
